 Dungeon Crawl Stone Soup version 0.31.0-11-ge490571c62 (webtiles) character file.

Game seed: 1287275775789264604

261 qw the Skirmisher (level 5, -9/30 HPs)
             Began as a Deep Elf Hunter on Feb 4, 2024.
             Mangled by a gnoll
             ... wielding a +0 halberd
              (10 damage)
             ... on level 3 of the Dungeon.
             The game lasted 00:00:06 (1694 turns).

qw the Skirmisher (Deep Elf Hunter)                 Turns: 1694, Time: 00:00:07

Health: -9/30      AC:  3    Str: 10    XL:     5   Next: 96%
Magic:  7/7        EV: 12    Int: 14    God:
Gold:   82         SH:  0    Dex: 18    Spells: 4/4 levels left

rFire   . . .        a - +1 shortbow
rCold   . . .        (shield currently unavailable)
rNeg    . . .        c - +0 leather armour
rPois   .            (no helmet)
rElec   .            (no cloak)
rCorr   .            (no gloves)
SInv    .            (no boots)
Will    .....        h - amulet of faith
Stlth   ++           (no ring)
HPRegen 0.25/turn    (no ring)
MPRegen 0.10/turn

%: faith
@: no status effects
A: no striking features
a: no special abilities


You were on level 3 of the Dungeon.
You visited 1 branch of the dungeon, and saw 3 of its levels.

You collected 82 gold pieces.


   Skills:
 + Level 1.7 Fighting
 - Level 9.3 Ranged Weapons
 - Level 3.0 Dodging
 - Level 1.2 Stealth


You had 4 spell levels left.
You didn't know any spells.
Your spell library was empty.

Inventory:

Hand Weapons
 a - a +1 shortbow (weapon)
Armour
 c - a +0 leather armour (worn)
 i - a +1 pair of gloves
Jewellery
 h - an amulet of faith (around neck)
Scrolls
 f - a scroll of identify {unknown}
 g - a scroll of blinking {unknown}
Potions
 b - a potion of attraction {unknown}
 d - a potion of curing {unknown}
 e - a potion of might {unknown}

Dungeon Overview and Level Annotations

Branches:
Dungeon (3/15)

Altars:
Zin

Shops:
D:3 !


Message History

The rat squeaks loudly.
The arrow hits the gnoll!
The gnoll is almost dead.
You hear a shout!
The gnoll barely misses you.
You shoot an arrow. The arrow barely misses the gnoll.
A gnoll comes into view. It is wielding a +0 club.
The gnoll closely misses you. The gnoll hits you with a +0 flail.
You shoot an arrow.
The arrow hits the gnoll but does no damage.
The gnoll is severely wounded.
The gnoll barely misses you. The gnoll hits you but does no damage.
You shoot an arrow. The arrow hits the gnoll!
You kill the gnoll!
The gnoll closely misses you.
You shoot an arrow. The arrow hits the gnoll.
The gnoll is lightly wounded.
The gnoll barely misses you.
You shoot an arrow. The arrow hits the gnoll.
The gnoll is heavily wounded.
The gnoll hits you from afar with a +0 halberd!
You shoot an arrow. The arrow barely misses the gnoll.
You shoot an arrow.
The arrow hits the gnoll but does no damage.
1689 ||| FLEEEEING.
You shoot an arrow. The arrow closely misses the gnoll.
The arrow hits the rat.
You kill the rat!
You shoot an arrow. The arrow completely misses the gnoll.
The gnoll hits you with a +0 club!
You shoot an arrow. The arrow hits the gnoll.
The gnoll is lightly wounded.
The gnoll hits you with a +0 club.
You shoot an arrow. The arrow hits the gnoll.
The gnoll is lightly wounded.
The gnoll hits you from afar with a +0 halberd!
The gnoll closely misses you.
You shoot an arrow. The arrow hits the gnoll!
The gnoll is almost dead.
The gnoll hits you from afar with a +0 halberd!
You die...

#..<.[................
#.....######......#.#. #.....#
##...######.#. #.....#
.+...'........
#####+#.######.#...#######..
#.......#......#...# #..
###.......#......###.#######..
..........#......# #.......<..
#...)....##..@g..###..........
#...###........g.............)
#.. ###..####..#.###########..
## #..........# .. #..
#..........# .# #..
#.......<.)# .. #..
###..####..# .. #.. #..# #...
. #.# #..# ##.# #+#


You could see 2 gnolls.

Vanquished Creatures
  Sigmund (D:3)
  2 gnolls (D:3)
  2 adders (D:2)
  5 ribbon worms
  A dart slug (D:1)
  2 endoplasms
  A giant cockroach (D:2)
  5 goblins
  3 hobgoblins
  4 jackals (D:1)
  2 quokkas (D:1)
  5 ball pythons (D:1)
  4 bats
  3 frilled lizards
  5 kobolds (D:1)
  9 rats
54 creatures vanquished.

Notes
Turn   | Place    | Note
-------+----------+-------------------------------------------
     0 | D:1      | qw the Deep Elf Hunter began the quest for the Orb.
     0 | D:1      | Reached XP level 1. HP: 12/12 MP: 3/3
     0 | D:1      | 0 ||| qw: Version: 0.3-a-160-g6735b56
     0 | D:1      | 0 ||| qw: Game counter: 4971
     0 | D:1      | 0 ||| qw: Melee chars always use a shield: true
     0 | D:1      | 0 ||| qw: God list: Okawaru
     0 | D:1      | 0 ||| qw: Allow faded altars: false
     0 | D:1      | 0 ||| qw: Do Orc after clearing Dungeon:15 true
     0 | D:1      | 0 ||| qw: Do second Lair branch before Depths: true
     0 | D:1      | 0 ||| qw: Lair rune preference: random
     0 | D:1      | 0 ||| qw: Goals: Normal
     0 | D:1      | 0 ||| PLANNING D:1-11
   115 | D:1      | Found a faded altar of an unknown god.
   123 | D:1      | Reached XP level 2. HP: 14/16 MP: 4/4
   127 | D:1      | Reached skill level 6 in Ranged Weapons
   549 | D:1      | Reached XP level 3. HP: 20/20 MP: 5/5
   663 | D:1      | 663 ||| DROPPING scarf of harm.
   664 | D:1      | 664 ||| UPGRADING to amulet of faith.
   669 | D:1      | 669 ||| READING scroll labelled CUHEM UCVONUU.
   670 | D:1      | 670 ||| READING scroll labelled FAKYES GYCEJO.
   671 | D:1      | 671 ||| DRINKING 3 glowing clear potions.
   672 | D:1      | 672 ||| DROPPING scroll of butterflies.
   673 | D:1      | 673 ||| DROPPING 2 potions of brilliance.
   812 | D:2      | Reached skill level 7 in Ranged Weapons
   873 | D:2      | HP: 2/20 [ribbon worm (4)]
   950 | D:2      | Found a glowing silver altar of Zin.
  1220 | D:2      | 1220 ||| READING scroll labelled HERUNAS CESU.
  1224 | D:2      | 1224 ||| READING scroll labelled WURRAVIODITZ.
  1224 | D:2      | 1224 ||| ENCHANTING +0 shortbow.
  1225 | D:2      | 1225 ||| READING scroll labelled WUSERIOCWO.
  1257 | D:3      | Noticed Sigmund
  1263 | D:3      | Killed Sigmund
  1264 | D:3      | Reached skill level 9 in Ranged Weapons
  1264 | D:3      | Reached XP level 4. HP: 9/25 MP: 6/6
  1264 | D:3      | Reached XP level 5. HP: 11/29 MP: 7/7
  1450 | D:3      | Found Oxtuz's Distillery.
  1456 | D:3      | 1456 ||| SHOPLISTING 2 potions of might (112 gold, have
                  | 74).
  1456 | D:3      | 1456 ||| SHOPLISTING 2 potions of mutation (224 gold, have
                  | 74).
  1456 | D:3      | 1456 ||| SHOPLISTING potion of haste (140 gold, have 74).
  1456 | D:3      | 1456 ||| SHOPLISTING potion of mutation (112 gold, have
                  | 74).
  1674 | D:3      | Reached skill level 3 in Dodging
  1689 | D:3      | 1689 ||| FLEEEEING.
  1693 | D:3      | HP: 1/30 [gnoll/+0 halberd (9)]
  1694 | D:3      | Mangled by a gnoll

Levels and vault maps discovered:
D:1:      dpeg_arrival_erosion, layout_loops_ring,
          shapermc_ecumenical_altar_starsandcircs, minmay_misc_feat_rows
D:2:      layout_basic, basic_altar
D:3:      layout_basic, serial_shops, shop, serial_bayou_lake_a, uniq_sigmund

Skill      XL: |  1  2  3  4  5 |
---------------+----------------+-----
Ranged Weapons | 6 9 |  9.3
Dodging        | 3 |  3.0
Fighting       | |  1.7
Stealth        | |  1.2

Action                     |  1- 3 |  4- 6 || total
---------------------------+-------+-------++-------
   Fire: Shortbow          |   135 |    40 ||   175
    Use: Scroll            |     5 |       ||     5
         Potion            |     1 |       ||     1
 Armour: Leather armour    |    36 |    10 ||    46
  Dodge: Dodged            |    42 |     8 ||    50

Table legend:
 A = Non-vault XP
 B = Vault XP
 C = Vault XP percentage of total XP
 D = Non-vault monster count
 E = Vault monster count
 F = Vault count percentage of total count
                 A         B        C        D         E       F
            +---------+---------+-------+---------+---------+-------
      Total |     142 |     231 |  61.9 |      53 |       1 |   1.9
            +---------+---------+-------+---------+---------+-------
        D:1 |      43 |       0 |   0.0 |      28 |       0 |   0.0
        D:2 |      50 |       0 |   0.0 |      13 |       0 |   0.0
        D:3 |      49 |     231 |  82.5 |      12 |       1 |   7.7
            +---------+---------+-------+---------+---------+-------
